 Dungeon Crawl Stone Soup version 0.31-a0-940-gdaa99269f9 (webtiles) character file.

Game seed: 6473574243542621370

1040 mortress the Changeling (level 8, -9/67 HPs)
             Began as a Pale Draconian Shapeshifter on Oct 20, 2023.
             Mangled by an orc warrior
             ... wielding a +0 flail
              (13 damage)
             ... on level 5 of the Dungeon.
             The game lasted 00:17:55 (4045 turns).

mortress the Changeling (DrSh)                      Turns: 4045, Time: 00:17:55

Health: -9/67      AC:  6    Str: 18    XL:     8   Next: 4%
Magic:  8/8        EV: 13    Int: 12    God:
Gold:   137        SH:  0    Dex: 10    Spells: 7/7 levels left

rFire   . .          .
                       - Unarmed
rCold   . . .        (no shield)
rNeg    . . .        (body armour unavailable)
rPois   .            (helmet currently unavailable)
rElec   .            (cloak currently unavailable)
rCorr   .            (gloves currently unavailable)
SInv    .            (boots currently unavailable)
Will    .....        (no amulet)
Stlth   +            (no ring)
HPRegen 0.31/turn    (no ring)
MPRegen 0.11/turn

%: no passive effects
@: beast-form, hasted, very quick
A: beast (slay +3), breathe steam, AC +6, unfitting armour, cold-blooded, steam
resistance
a: Breathe Steam, Begin Untransformation


You were on level 5 of the Dungeon.
You were a hulking beast.
You visited 1 branch of the dungeon, and saw 5 of its levels.

You collected 189 gold pieces.
You spent 52 gold pieces at shops.

Inventory:

Missiles
 s - 11 boomerangs (quivered)
Jewellery
 l - an amulet of magic regeneration
 w - a ring of magical power
Talismans
 b - a beast talisman (active)
 c - a flux talisman
Scrolls
 d - a scroll of fog {unknown}
 e - 2 scrolls of enchant weapon {unknown}
 f - a scroll of fear {unknown}
 h - 2 scrolls of enchant armour {unknown}
 i - 3 scrolls of teleportation {unknown}
 m - 2 scrolls of identify
 p - a scroll of silence {unknown}
 q - a scroll of noise {unknown}
Potions
 a - a potion of lignification
 g - 3 potions of attraction
 j - a potion of berserk rage
 k - a potion of brilliance
 o - a potion of curing
 r - a potion of magic
 t - a potion of resistance
 v - a potion of ambrosia {unknown}


   Skills:
 + Level 4.5 Fighting
 + Level 4.1 Dodging
 + Level 5.1 Unarmed Combat
 * Level 6.2 Shapeshifting


You had 7 spell levels left.
You didn't know any spells.
Your spell library contained the following spells:

 Spells                   Type           Power      Damage    Failure   Level
 Sandblast                Erth           0%         2d4       32%         1
 Passwall                 Tmut/Erth      0%         N/A       45%         2
 Stone Arrow              Conj/Erth      0%         3d7       69%         3
 Brom's Barrelling Bould  Conj/Erth      0%         2d3       97%         4


Dungeon Overview and Level Annotations

Branches:
Dungeon (5/15)
 Temple: D:4-7

Altars:

Shops:
D:4 ?


Innate Abilities, Weirdness & Mutations

You are a hulking beast.
Your limbs bulge with bestial killing power. (Slay +3)
You can breathe blasts of scalding, opaque steam.
Your pale cyan-grey scales are hard. (AC +6)
You cannot fit into any form of body armour.
You are cold-blooded and may be slowed by cold attacks.
You are immune to the effects of steam.


Message History

The orc warrior barely misses you.
You closely miss the orc warrior.
The orc warrior is severely wounded.
You hit the orc warrior.
The orc warrior is almost dead.
You barely miss the orc warrior.
The orc warrior is almost dead.
The orc warrior hits you with a +0 trident.
The orc warrior hits you with a +0 short sword.
You barely miss the orc warrior.
Your tail-slap misses the orc warrior.
The orc warrior is almost dead.
The orc warrior hits you with a +0 trident!
* * * LOW HITPOINT WARNING * * *
The orc warrior hits you with a +0 short sword.
* * * LOW HITPOINT WARNING * * *
The orc warrior misses you.
The orc warrior hits you from afar with a +0 trident!
* * * LOW HITPOINT WARNING * * *
The orc warrior attacks as it pursues you!
The orc warrior hits you with a +0 short sword.
* * * LOW HITPOINT WARNING * * *
You feel much better.
The orc warrior hits you from afar with a +0 trident!
* * * LOW HITPOINT WARNING * * *
The orc wizard gestures wildly while chanting.
The orc wizard flickers and vanishes!
Deactivating autopickup; reactivate with Ctrl-A.
The orc warrior barely misses you.
You hear a shout! x3
You have got your breath back.
The orc warrior attacks as it pursues you!
The orc warrior hits you with a +0 flail!
* * * LOW HITPOINT WARNING * * *
The orc warrior attacks as it pursues you!
The orc warrior hits you with a +0 flail.
* * * LOW HITPOINT WARNING * * *
You feel yourself speed up.
The orc warrior attacks as it pursues you!
The orc warrior hits you with a +0 flail!
You die...

#############.....#
#........# #.o......#
## #........#
#.####{.......#
#...o.........#
#######.##.........###
#.....o..............#
#.....h.o......#####.#
#...........##.#### .#
#.........#.##....##.#.
#.........#|#####[<....
#.........#.## #.))....
#.........#..###†###...
#.........##...†.# ...
#####.#######..#####...
#. #...........##


You could see 2 orc warriors.

Vanquished Creatures
  Grinder (D:4)
  An ice beast (D:5)
  A black bear (D:5)
  A phantom (D:4)
  A bullfrog (D:4)
  2 hounds (D:4)
  2 orc priests (D:4)
  An iguana (D:4)
  4 orc wizards
  7 gnolls
  7 adders
  3 worms
  2 dart slugs
  23 orcs
  5 bats (D:1)
  7 endoplasms
  9 goblins
  8 hobgoblins
  6 jackals
  7 quokkas
  8 ball pythons
  5 frilled lizards
  9 kobolds
  7 rats
127 creatures vanquished.

Notes
Turn   | Place    | Note
-------+----------+-------------------------------------------
     0 | D:1      | mortress the Draconian Shapeshifter began the quest for the
                  | Orb.
     0 | D:1      | Reached XP level 1. HP: 16/16 MP: 1/1
   134 | D:1      | Reached XP level 2. HP: 23/23 MP: 2/2
   440 | D:1      | Reached XP level 3. HP: 29/29 MP: 3/3
   951 | D:2      | Found a faded altar of an unknown god.
  1119 | D:2      | Reached XP level 4. HP: 36/36 MP: 4/4
  1903 | D:2      | Reached skill level 4 in Shapeshifting
  1944 | D:3      | Reached XP level 5. HP: 36/42 MP: 5/5
  2405 | D:4      | Noticed Grinder
  2430 | D:4      | Found Inkodgh's Magic Scroll Boutique.
  2440 | D:4      | Bought a scroll of identify for 26 gold pieces
  2440 | D:4      | Bought a scroll of identify for 26 gold pieces
  2532 | D:4      | Reached XP level 6. HP: 32/51 MP: 6/6
  2677 | D:4      | Upgraded the game from 0.31-a0-931-g7b59d4eb97 to
                  | 0.31-a0-940-gdaa99269f9
  3161 | D:4      | Reached skill level 5 in Shapeshifting
  3352 | D:4      | Paralysed by Grinder for 5 turns
  3374 | D:4      | Killed Grinder
  3375 | D:4      | Your scales start taking on a pale cyan-grey colour.
  3375 | D:4      | Reached XP level 7. HP: 21/58 MP: 7/7
  3375 | D:4      | Gained mutation: You are immune to the effects of steam.
                  | [Pale Draconian growth]
  3817 | D:5      | Entered Level 5 of the Dungeon
  3917 | D:5      | Reached skill level 5 in Unarmed Combat
  3917 | D:5      | Reached skill level 6 in Shapeshifting
  3957 | D:5      | Found a runed translucent door.
  3989 | D:5      | Reached XP level 8. HP: 65/67 MP: 8/8
  4033 | D:5      | HP: 1/67 [orc warrior/+0 short sword (4)]
  4042 | D:5      | HP: 3/67 [orc warrior/+0 flail (6)]
  4045 | D:5      | Mangled by an orc warrior

Illustrated notes

Levels and vault maps discovered:
D:1:      dpeg_arrival_houses_and_road, layout_loops_ring,
          chequers_serial_rivers_micro_b
D:2:      layout_basic, shapermc_ecumenical_altar_notcrosses
D:3:      layout_rooms, serial_park_tiny_1, amcnicky_mini_pool_small,
          minmay_cut_off
D:4:      layout_gridville, serial_shops, shop, uniq_grinder
D:5:      layout_rooms, nicolae_qazlal_style_of_elements,
          lightli_church_of_beogh

Skill      XL: |  1  2  3  4  5  6  7 |
---------------+----------------------+-----
Dodging        | 2 3 4 |  4.1
Fighting       | 2 3 4 |  4.5
Shapeshifting  | 4 5 6 |  6.2
Unarmed Combat | 4 5 |  5.1

Action                     |  1- 3 |  4- 6 |  7- 9 || total
---------------------------+-------+-------+-------++-------
  Melee: Unarmed           |   112 |   190 |    52 ||   354
         Tailslap          |     8 |    28 |     5 ||    41
         Punch             |     1 |     5 |     1 ||     7
  Throw: Boomerang         |       |     5 |     4 ||     9
Ability: Breathe Steam     |       |       |     8 ||     8
    Use: Scroll            |       |     8 |       ||     8
         Potion            |       |       |     3 ||     3
   Stab: Sleeping          |     1 |     1 |       ||     2
 Armour: Skin              |    60 |   132 |    48 ||   240
  Dodge: Dodged            |    76 |    98 |    39 ||   213

Table legend: (Time is in decaauts)
 A = Elapsed time spent in this place.
 B = Non-inter-level travel time spent in this place.
 C = Inter-level travel time spent in this place.
 D = Time resting spent in this place.
 E = Time spent auto-exploring this place.
 F = Levels seen in this place.
 G = Mean time per level.
                   A        B        C        D        E       F      G
               +--------+--------+--------+--------+--------+-----+--------+
         Total |   4025 |   3834 |    191 |    370 |   2344 |   5 |  805.0 |
       Dungeon |   4025 |   3834 |    191 |    370 |   2344 |   5 |  805.0 |
               +--------+--------+--------+--------+--------+-----+--------+

Top non-repeatable levels by time:
     D:4: 1422 daAuts
     D:2: 890 daAuts
     D:1: 857 daAuts
     D:3: 682 daAuts
     D:5: 171 daAuts
